 Dungeon Crawl Stone Soup version 0.28-a0-804-g60983d4ba9 (webtiles) character file.

Game seed: 14143334102042327009

100 vurker the Gusty (level 4, 19/19 HPs)
             Began as a Felid Air Elementalist on Nov 7, 2021.
             Quit the game on level 4 of the Dungeon.
             The game lasted 00:04:51 (4537 turns).

vurker the Gusty (Felid Air Elementalist)           Turns: 4537, Time: 00:04:51

Health: 19/19      AC:  1    Str:  4    XL:     4   Next: 47%
Magic:  10/10      EV: 17    Int: 17    God:
Gold:   164        SH:  0    Dex: 17    Spells: 4/9 levels left
                                        Lives:  0   Deaths: 1

rFire   . . .      SeeInvis +   (weapon unavailable)
rCold   . . .      Faith    .   (shield unavailable)
rNeg    . . .      Spirit   .   (armour unavailable)
rPois   .          Reflect  .   (helmet unavailable)
rElec   .          Harm     .   (cloak unavailable)
rCorr   .          Rampage  .   (gloves unavailable)
Will    .....                   (boots unavailable)
Stlth   ++........              e - amulet of the acrobat
HPRegen 0.06/turn               (no ring)
MPRegen 0.12/turn               (no ring)

@: quick
A: very small, claws 1, fangs 3, see invisible, speed 1, shaggy fur 1, stealthy
paws, no weapons or thrown items, no armour, multi-lived
a: no special abilities


You were on level 4 of the Dungeon.
You visited 1 branch of the dungeon, and saw 4 of its levels.

You collected 164 gold pieces.

Inventory:

Jewellery
 e - an amulet of the acrobat (around neck)
   (You found it on level 2 of the Dungeon)
Scrolls
 a - 2 scrolls of immolation {unknown}
 d - 2 scrolls of identify {unknown}
 i - a scroll of enchant weapon {unknown}
Potions
 b - a potion of attraction {unknown}
 c - 2 potions of heal wounds {unknown}
 f - a potion of ambrosia {unknown}
 g - a potion of haste {unknown}
 h - a potion of might {unknown}


   Skills:
 + Level 1.9 Fighting
 - Level 2.6 Dodging
 - Level 2.6 Stealth
 * Level 3.4 Spellcasting
 + Level 2.1 Conjurations
 * Level 3.9 Air Magic


You had 4 spell levels left.
You knew the following spells:

 Your Spells              Type           Power      Damage    Failure   Level
a - Shock                 Conj/Air       52%        1d6       4%          1
c - Airstrike             Air            8%         N/A       32%         4

Your spell library contained the following spells:

 Spells                   Type           Power      Damage    Failure   Level
 Static Discharge         Conj/Air       13%        N/A       8%          2
 Swiftness                Air            16%        N/A       10%         3
 Animate Skeleton         Necr           4%         N/A       17%         1
 Apportation              Tloc           4%         N/A       17%         1
 Slow                     Hex            8%         N/A       17%         1
 Summon Small Mammal      Summ           8%         N/A       17%         1
 Confusing Touch          Hex            2%         N/A       45%         3
 Vampiric Draining        Necr           2%         2d6       45%         3
 Yara's Violent Unravell  Hex/Tmut       1%         3d3       99%         5


Dungeon Overview and Level Annotations

Branches:
Dungeon (4/15)
 Temple: D:4-7

Altars:
Kikubaaqudgha
Qazlal
Wu Jian
Zin

Shops:
D:3 [


Innate Abilities, Weirdness & Mutations

You have sharp claws.
You have razor-sharp teeth.
You have supernaturally acute eyesight. (SInv)
You cover ground quickly. (Speed+)
You are covered in fur. (AC +1)
Your paws help you pounce on unaware monsters.
You are incapable of wielding weapons or throwing items.
You cannot wear armour.
You gain extra lives every three experience levels.


Message History

A lemure comes into view.
A lemure is nearby!
Aim: a lemure (asleep, 100% to hit)
The zap hits the lemure.
The lemure shouts!
You hear a shout! x2
A scorpion comes into view.
A lemure comes into view.
Aim: a lemure (lightly wounded, 60% to hit)
The zap misses the lemure.
The zap hits the lemure.
You see here a worm corpse.
Aim: a scorpion (68% to hit)
The zap hits the scorpion but does no damage.
Aim: a scorpion (68% to hit)
The zap misses the scorpion.
Aim: a scorpion (68% to hit)
The zap hits the scorpion but does no damage.
Aim: a scorpion (68% to hit)
The zap hits the scorpion.
Aim: a scorpion (lightly wounded, 68% to hit)
The zap hits the scorpion but does no damage.
The zap misses the lemure.
The zap hits the lemure.
The scorpion stings you.
Aim: a scorpion (lightly wounded, 68% to hit)
The zap misses the scorpion.
The zap misses the lemure.
The zap hits the lemure.
The scorpion completely misses you.
You see here a throwing net.
The scorpion closely misses you.
Things that are here:
a +0 spear; a +0 halberd; a gnoll corpse You see here a +0 whip.
Aim: a scorpion (68% to hit)
The zap hits the scorpion. x2; The scorpion closely misses you.
The zap hits the scorpion. x2; The scorpion closely misses you.
You miscast Shock.
You are very lightly contaminated with residual magic.
Nothing appears to happen.
The scorpion misses you.
The zap hits the scorpion but does no damage.
The zap hits the lemure. x3; The scorpion stings you.
You are lethally poisoned!
The scorpion poisons you!
You miscast Shock.
Nothing appears to happen.
* * * LOW HITPOINT WARNING * * *
You feel very sick. The scorpion stings you.
* * * LOW HITPOINT WARNING * * *
You are more poisoned.
The scorpion poisons you! The scorpion stings you!
You die...
You are more poisoned.
The scorpion poisons you!
You are now level 4!
You rejoin the land of the living...

........†.....55..(5#
.......############5#
.#...#.# #### #s#
......... .... #†#
5##.##........ #.##
.##.##..#####.. #..##
........#
#..####.#.##
###.#####
#......###.# #####
..# ##.#@.#.#.##
#...# ##.##### #.#..
#.....#### #...#
#..#.....# ##.##
#..#.###..# #.#
##.#...##..###.#
#.##...##..#<.#
#..#....##.####
##.##....#.#####


There were no monsters in sight!

Vanquished Creatures
  Terence (D:2)
  7 gnolls
  4 adders
  A white imp (D:4)
  3 worms
  2 orcs (D:3)
  7 ball pythons
  An endoplasm (D:2)
  2 giant cockroaches
  5 goblins
  A hobgoblin (D:2)
  4 quokkas
  8 bats
  3 frilled lizards
  4 kobolds
  9 rats
62 creatures vanquished.

Vanquished Creatures (others)
  A fungus (D:2)
1 creature vanquished.

Grand Total: 63 creatures vanquished

Notes
Turn   | Place    | Note
-------+----------+-------------------------------------------
     0 | D:1      | vurker the Felid Air Elementalist began the quest for the
                  | Orb.
     0 | D:1      | Reached XP level 1. HP: 7/7 MP: 4/4
   237 | D:1      | Reached skill level 1 in Conjurations
   567 | D:1      | Reached XP level 2. HP: 12/12 MP: 1/6
  1507 | D:2      | Reached XP level 3. HP: 15/15 MP: 1/7
  1776 | D:2      | Reached skill level 1 in Fighting
  1959 | D:2      | Found a faded altar of an unknown god.
  1960 | D:2      | Noticed Terence
  2243 | D:2      | Killed Terence
  2628 | D:2      | Reached XP level 4. HP: 19/19 MP: 2/9
  2705 | D:2      | Learned a level 4 spell: Airstrike
  3046 | D:3      | Found a stormy altar of Qazlal.
  3494 | D:3      | Found Far Riaj's Armour Shoppe.
  3830 | D:3      | Reached XP level 5. HP: 22/22 MP: 6/10
  3926 | D:3      | Found an ancient bone altar of Kikubaaqudgha.
  3926 | D:3      | Found a glowing silver altar of Zin.
  3934 | D:3      | Found an ornate altar of the Wu Jian Council.
  3944 | D:3      | Found a faded altar of an unknown god.
  3946 | D:3      | Found a faded altar of an unknown god.
  4500 | D:4      | Noticed a lemure
  4501 | D:4      | Noticed a lemure
  4536 | D:4      | Slain by a scorpion
  4537 | D:4      | Reached XP level 4. HP: 0/19 MP: 1/10
  4537 | D:4      | Quit the game

Illustrated notes

Levels and vault maps discovered:
D:1:      lightli_arrival_quake, layout_loops_corners
D:2:      kb_forest_paths, layout_basic,
          dreamdust_ecumenical_altar_hidden_monk_grotto, uniq_terence
D:3:      layout_rooms, chequers_temple_overflow_minitemple,
          mainiacjoe_overflow_24_doors, serial_shops, nicolae_shop_statue_plus
D:4:      minmay_evil_eye, layout_loops_ring, nicolae_uskayaw_dance_hall,
          uniq_pikel

Skill      XL: |  1  2  3  4 |
---------------+-------------+-----
Conjurations   | 1 2 |  2.1
Air Magic      | 3 |  3.9
Fighting       | 1 |  1.9
Spellcasting   | 3 |  3.4
Dodging        | |  2.6
Stealth        | |  2.6

Action                   |  1- 3 |  4- 6 || total
-------------------------+-------+-------++-------
Melee: Unarmed           |     9 |     8 ||    17
       Bite              |     1 |       ||     1
 Cast: Shock             |    76 |   110 ||   186
Armor: Skin              |       |     3 ||     3
Dodge: Dodged            |    21 |    33 ||    54

Table legend: (Time is in decaauts)
 A = Elapsed time spent in this place.
 B = Non-inter-level travel time spent in this place.
 C = Inter-level travel time spent in this place.
 D = Time resting spent in this place.
 E = Time spent auto-exploring this place.
 F = Levels seen in this place.
 G = Mean time per level.
                   A        B        C        D        E       F      G
               +--------+--------+--------+--------+--------+-----+--------+
         Total |   4082 |   3962 |    120 |    175 |   3270 |   4 | 1020.5 |
       Dungeon |   4082 |   3962 |    120 |    175 |   3270 |   4 | 1020.5 |
               +--------+--------+--------+--------+--------+-----+--------+

Top non-repeatable levels by time:
     D:2: 1568 daAuts
     D:1: 1077 daAuts
     D:3: 1046 daAuts
     D:4: 391 daAuts
